 Dungeon Crawl Stone Soup version 0.18-a0-1572-g0a86841 (webtiles) character file.

189 Oddball22 the Magician (level 5, -2/34 HPs)
             Began as an Octopode Transmuter on Mar 15, 2016.
             Slain by Herrn's ghost (11 damage)
             ... on level 3 of the Dungeon.
             The game lasted 00:08:50 (2856 turns).

Oddball22 the Magician (Octopode Transmuter)        Turns: 2856, Time: 00:08:50

Health: -2/34      AC:  2    Str:  9    XL:     5   Next: 68%
Magic:  2/10       EV: 20    Int: 16    God:
Gold:   110        SH:  0    Dex: 18    Spells: 4 memorised, 1 level left

rFire  . . .     SeeInvis .       - Unarmed
rCold  . . .     Gourm    .     (shield currently unavailable)
rNeg   + . .     Faith    .     (helmet currently unavailable)
rPois  x         Spirit   .     (no amulet)
rElec  .         Dismiss  .     h - ring of loudness (curse)
rCorr  .         Reflect  .     k - ring of positive energy
SustAt .         Harm     .     (no ring)
MR     .....                    (no ring)
Stlth  +.........               (no ring)
                                (no ring)
                                (no ring)
                                (no ring)

@: spider-form, not resistant to hostile enchantments, very unstealthy
A: almost no armour, (amphibious), 8 rings, (constrict 8), (camouflage 0),
(gelatinous body 0)
a: End Transformation


You were on level 3 of the Dungeon.
You were not hungry.
You were a venomous arachnid creature.
You visited 1 branch of the dungeon, and saw 3 of its levels.

You collected 110 gold pieces.

Inventory:

Hand Weapons
 w - a +0 dagger of venom (melded)
 x - a +0 hunting sling
Missiles
 a - 7 arrows
 e - 157 stones (quivered)
 u - 16 arrows of dispersal
 v - 8 javelins
Magical Staves
 t - an uncursed staff of conjuration
Jewellery
 h - a cursed ring of loudness (left front leg)
 k - a ring of positive energy (right front leg)
Scrolls
 g - 2 scrolls of magic mapping {unknown}
 i - 3 scrolls of random uselessness {unknown}
 j - 2 scrolls of noise {unknown}
 m - a scroll of identify {unknown}
 o - a scroll of fear {unknown}
 r - 2 scrolls of fog {unknown}
 s - a scroll of blinking {unknown}
 y - 2 scrolls of teleportation {unknown}
 B - a scroll of remove curse {unknown}
Potions
 d - a potion of ambrosia {unknown}
 l - 2 potions of curing {unknown}
 p - 3 potions of brilliance {unknown}
 z - a potion of resistance {unknown}
 A - a potion of might {unknown}
 C - a potion of lignification {unknown}
Books
 b - a book of Changes

   Spells                             Type                      Level
   a - Beastly Appendage              Transmutation                1
   b - Sticks to Snakes               Transmutation                2
   c - Spider Form                    Transmutation/Poison         3
   d - Ice Form                       Ice/Transmutation            4
   e - Blade Hands                    Transmutation                5
Comestibles
 c - 2 bread rations
 f - 3 slices of pizza
 n - 2 meat rations
 q - a chunk of flesh


   Skills:
 - Level 1.8 Fighting
 - Level 2.0 Dodging
 - Level 3.0 Unarmed Combat
 * Level 3.9 Spellcasting
 + Level 3.2 Transmutations
 + Level 2.2 Poison Magic


You had one spell level left.
You knew the following spells:

 Your Spells              Type           Power        Failure   Level  Hunger
a - Beastly Appendage     Trmt           ##....       17%         1    None
b - Sticks to Snakes      Trmt           ##......     24%         2    ##.....
c - Spider Form           Trmt/Pois      ##........   36%         3    ###....
d - Ice Form              Ice/Trmt       #.......     95%         4    ####...


Dungeon Overview and Level Annotations

Branches:
Dungeon (3/15)

Altars:
Trog

Annotations:
D:3 Herrn's ghost, amateur FoFi


Innate Abilities, Weirdness & Mutations

You cannot wear most types of armour.
((You are amphibious.))
You can wear up to eight rings at the same time.
((You can use your tentacles to constrict eight enemies at once.))
((Your skin changes colour to match your surroundings (Stealth).))
((Your rubbery body absorbs attacks (AC +1).))


Message History

* * * LOW HITPOINT WARNING * * *
Your ball python bites Herrn's ghost but does no damage. x2
Your ball python bites Herrn's ghost but does no damage.
Something bites Herrn's ghost but does no damage.
Something closely misses Herrn's ghost.
Something bites Herrn's ghost but does no damage.
Your ball python withers and dies!
Your ball python bites Herrn's ghost but does no damage.
Casting: Sticks to Snakes
Confirm with . or Enter, or press ? or * to list all spells.
You turn into a venomous arachnid creature.
Your +0 dagger of venom melds into your body.
Your +0 dagger of venom stops dripping with poison.
Herrn's ghost completely misses you.
Your ball python bites Herrn's ghost but does no damage.
Your ball python barely misses Herrn's ghost.
You barely miss Herrn's ghost.
Herrn's ghost is lightly damaged.
Herrn's ghost hits you!
You die...

#....... #.......#.#..##. #.#....#
#.##.##.#....... #......#
#.##.##.######## #...# #.##....# #
#### #...# #.####..##### # ...#
#...# #.###.......####
...#####.รท.#######.).....##.....#
.......(((([<....#..............#
................sWS.............#
............)....#S..#..##......#
...#####...#########.#......<...#
...# #...# #........##### ####
#...# ###.####### ...# #.<.#
#.......#### ##.#####...#
#.#####.##.) # #.......#
#.#####.##.. ##.#.#######
#....##.##..


You could see Herrn's ghost and 2 friendly ball pythons.

Vanquished Creatures
  Jessica (D:2)
  Ijyb (D:2)
  Terence (D:2)
  2 adders (D:2)
  2 worms (D:2)
  2 dart slugs
  2 giant geckos
  3 orcs (D:3)
  5 giant cockroaches
  11 goblins
  13 hobgoblins
  10 jackals
  8 bats
  3 giant newts
  6 kobolds
  5 rats
75 creatures vanquished.

Notes
Turn   | Place    | Note
--------------------------------------------------------------
     0 | D:1      | Oddball22 the Octopode Transmuter began the quest for the Orb.
     0 | D:1      | Reached XP level 1. HP: 13/13 MP: 3/3
   276 | D:1      | Reached XP level 2. HP: 18/18 MP: 5/5
   701 | D:1      | Reached XP level 3. HP: 12/23 MP: 7/7
  1091 | D:2      | Learned a level 2 spell: Sticks to Snakes
  1095 | D:2      | Learned a level 3 spell: Spider Form
  1165 | D:2      | Noticed Terence
  1175 | D:2      | Killed Terence
  1175 | D:2      | Reached skill level 1 in Poison Magic
  1175 | D:2      | Reached XP level 4. HP: 27/29 MP: 4/8
  1223 | D:2      | Noticed Ijyb
  1245 | D:2      | Killed Ijyb
  1738 | D:2      | Noticed Jessica
  1744 | D:2      | Reached XP level 5. HP: 32/34 MP: 6/10
  1765 | D:2      | Killed Jessica
  1800 | D:2      | Found a bloodstained altar of Trog.
  2116 | D:2      | Learned a level 4 spell: Ice Form
  2488 | D:3      | Noticed Herrn's ghost (amateur FoFi)
  2856 | D:3      | Slain by Herrn's ghost

Vault maps used:
D:1:      dpeg_arrival_tiny_d
D:2:      trog_hazing_becter, uniq_jessica, uniq_iyjb, uniq_terence
D:3:      first_bread, ecumenical_altar_2

Skill      XL: |  1  2  3  4  5 |
---------------+----------------+-----
Spellcasting   | 3 |  3.9
Poison Magic   | 1 2 |  2.2
Transmutations | 3 |  3.2
Fighting       | |  1.8
Dodging        | |  2.0
Unarmed Combat | |  3.0

Action                   |  1- 3 |  4- 6 || total
-------------------------+-------+-------++-------
Melee: Unarmed           |    60 |    86 ||   146
       Dagger            |       |    27 ||    27
       Staff             |       |    11 ||    11
Throw: Stone             |       |     4 ||     4
 Cast: Beastly Appendage |     3 |     6 ||     9
       Spider Form       |     1 |     5 ||     6
       Sticks to Snakes  |       |     5 ||     5
 Stab: Sleeping          |     6 |     2 ||     8
       Distracted        |     1 |       ||     1
  Eat: Chunk             |     1 |     6 ||     7
